 Dungeon Crawl Stone Soup version 0.28-a0-851-g8b9cc49659 (webtiles) character file.

Game seed: 3436122327034726845

65 ders the Insei (level 4, 0/34 HPs)
             Began as a Gnoll Transmuter on Nov 15, 2021.
             Succumbed to a scorpion's poison
             ... on level 3 of the Dungeon.
             The game lasted 00:07:13 (3143 turns).

ders the Insei (Gnoll Transmuter)                   Turns: 3143, Time: 00:07:13

Health: 0/34       AC:  2    Str: 10    XL:     4   Next: 14%
Magic:  2/11       EV: 13    Int: 13    God:
Gold:   230        SH:  0    Dex: 12    Spells: 10/13 levels left

rFire   . . .      SeeInvis .     - Unarmed
rCold   . . .      Faith    .   (no shield)
rNeg    . . .      Spirit   +   a - +0 robe
rPois   .          Reflect  .   (helmet currently unavailable)
rElec   .          Harm     .   (no cloak)
rCorr   .          Rampage  .   (no gloves)
Will    .....                   (boots currently unavailable)
Stlth   ++........              f - amulet of guardian spirit
HPRegen 0.11/turn               (no ring)
MPRegen 0.12/turn               (no ring)

@: lethally poisoned (0 -> -26), appendages, wereblooded
A: horns 2, talons 2, fangs 1, strong nose, distributed training
a: End Transformation


You were on level 3 of the Dungeon.
You had temporarily grown beastly horns and talons.
You visited 1 branch of the dungeon, and saw 3 of its levels.

You collected 230 gold pieces.

Inventory:

Armour
 a - a +0 robe (worn)
Jewellery
 f - an amulet of guardian spirit (around neck)
 h - an amulet of faith
Scrolls
 b - a scroll of brand weapon {unknown}
 c - 2 scrolls of identify {unknown}
 d - a scroll of magic mapping {unknown}
 e - 2 scrolls of amnesia {unknown}
 i - a scroll of teleportation {unknown}
 j - a scroll of summoning {unknown}
Potions
 g - a potion of heal wounds {unknown}
 k - a potion of cancellation {unknown}


   Skills:
 + Level 2.7 Fighting
 + Level 1.0 Short Blades
 + Level 1.0 Long Blades
 + Level 1.0 Axes
 + Level 1.0 Maces & Flails
 + Level 1.0 Polearms
 + Level 1.0 Staves
 + Level 1.0 Slings
 + Level 1.0 Bows
 + Level 1.0 Crossbows
 + Level 1.0 Throwing
 + Level 1.0 Armour
 + Level 4.6 Dodging
 + Level 1.0 Stealth
 + Level 1.0 Shields
 + Level 6.6 Unarmed Combat
 + Level 5.0 Spellcasting
 + Level 0.8 Conjurations
 + Level 0.8 Hexes
 + Level 0.8 Summonings
 + Level 0.8 Necromancy
 + Level 0.8 Translocations
 + Level 3.8 Transmutations
 + Level 0.8 Fire Magic
 + Level 0.8 Ice Magic
 + Level 0.8 Air Magic
 + Level 0.8 Earth Magic
 + Level 0.8 Poison Magic
 + Level 1.1 Invocations
 + Level 1.0 Evocations


You had 10 spell levels left.
You knew the following spells:

 Your Spells              Type           Power      Damage    Failure   Level
a - Beastly Appendage     Tmut           26%        N/A       3%          1
b - Wereblood             Tmut           13%        N/A       6%          2

Your spell library contained the following spells:

 Spells                   Type           Power      Damage    Failure   Level
 Spider Form              Tmut/Pois      9%         N/A       22%         3
 Ice Form                 Ice/Tmut       9%         N/A       56%         4
 Fulminant Prism          Conj/Hex       2%         3d6       78%         4
 Iskenderun's Mystic Bla  Conj/Tloc      5%         2d3       78%         4
 Lee's Rapid Deconstruct  Erth           2%         3d6*      98%         5


Dungeon Overview and Level Annotations

Branches:
Dungeon (3/15)

Altars:
The Shining One


Innate Abilities, Weirdness & Mutations

You have temporarily grown beastly horns and talons.
You have very sharp teeth.
Your uncanny sense of smell can sniff out nearby items.
Your experience applies equally to all skills.


Message History

You barely miss the scorpion. You bite the scorpion.
The scorpion is severely wounded.
The scorpion stings you.
You are poisoned.
The scorpion poisons you!
You closely miss the scorpion.
The scorpion is severely wounded.
You feel sick. The scorpion barely misses you.
You hit the scorpion but do no damage. Your kick misses the scorpion.
You headbutt the scorpion, but do no damage.
The scorpion is severely wounded.
You howl as the wereblood boils in your veins!
Your horns disappear.
Your talons disappear.
You feel sick. The scorpion closely misses you.
You closely miss the scorpion.
The scorpion is severely wounded.
You feel sick. The scorpion stings you.
You hit the scorpion but do no damage.
The scorpion is severely wounded.
You howl as the wereblood boils in your veins!
You feel sick. The scorpion barely misses you.
You barely miss the scorpion.
The scorpion is severely wounded.
You feel sick. The scorpion closely misses you.
You hit the scorpion but do no damage.
You bite the scorpion, but do no damage.
The scorpion is severely wounded.
You feel sick. The scorpion stings you.
You are lethally poisoned!
The scorpion poisons you!
Casting: Wereblood (safe; 6% risk of failure)
Confirm with . or Enter, or press ? or * to list all spells.
You grow a pair of large bovine horns.
Your feet morph into talons.
* * * LOW HITPOINT WARNING * * *
You feel very sick. The scorpion stings you.
* * * LOW HITPOINT WARNING * * *
You are more poisoned.
The scorpion poisons you!
You die...

######## ###### #......#
## #.†..## #PP.P..####.
#.##..###P...P......
#.###..##...........
#(..##.......P...... ###
###...#..P.PPP......
.....####...#...........
......s@...####.........
.....#####..............
... ##............# .
#............#
#...........##
#...........##
#..†..........
####..........
#...#....###


You could see a scorpion.

Vanquished Creatures
  An adder (D:3)
  A worm (D:3)
  A dart slug (D:1)
  An endoplasm (D:3)
  2 giant cockroaches
  2 goblins (D:1)
  5 hobgoblins
  5 jackals
  4 quokkas
  4 ball pythons
  3 bats
  2 frilled lizards (D:1)
  11 kobolds
  9 rats
51 creatures vanquished.

Vanquished Creatures (others)
  3 fungi (D:3)
  4 plants (D:2)
  5 toadstools (D:3)
12 creatures vanquished.

Grand Total: 63 creatures vanquished

Notes
Turn   | Place    | Note
-------+----------+-------------------------------------------
     0 | D:1      | ders the Gnoll Transmuter began the quest for the Orb.
     0 | D:1      | Reached XP level 1. HP: 17/17 MP: 6/6
   610 | D:1      | Reached XP level 2. HP: 23/23 MP: 5/7
   613 | D:1      | Learned a level 2 spell: Wereblood
  1344 | D:1      | Reached XP level 3. HP: 28/28 MP: 7/9
  1464 | D:2      | Reached skill level 5 in Spellcasting
  1981 | D:2      | Found a faded altar of an unknown god.
  2134 | D:2      | Reached skill level 1 in Invocations
  2384 | D:2      | Found a glowing golden altar of the Shining One.
  2941 | D:3      | Reached skill level 1 in Short Blades
  2941 | D:3      | Reached skill level 1 in Long Blades
  2941 | D:3      | Reached skill level 1 in Axes
  2941 | D:3      | Reached skill level 1 in Maces & Flails
  2941 | D:3      | Reached skill level 1 in Polearms
  2941 | D:3      | Reached skill level 1 in Staves
  2941 | D:3      | Reached skill level 1 in Slings
  2941 | D:3      | Reached skill level 1 in Bows
  2941 | D:3      | Reached skill level 1 in Crossbows
  2941 | D:3      | Reached skill level 1 in Throwing
  2941 | D:3      | Reached skill level 1 in Armour
  2941 | D:3      | Reached skill level 1 in Stealth
  2941 | D:3      | Reached skill level 1 in Shields
  2941 | D:3      | Reached skill level 1 in Evocations
  2989 | D:3      | Reached XP level 4. HP: 34/34 MP: 6/11
  3126 | D:3      | Noticed a scorpion
  3143 | D:3      | Succumbed to a scorpion's poison

Illustrated notes

Levels and vault maps discovered:
D:1:      dpeg_arrival_renting, layout_loops_ring, minmay_misc_feat_iff
D:2:      layout_basic, basic_altar, hellmonk_ecumenical_altar_arch_garden,
          lexackson_kobold_supper
D:3:      layout_rooms, serial_shops, shop, minmay_gold_behind_fungi,
          uniq_terence

Skill      XL: |  1  2  3 |
---------------+----------+-----
Spellcasting   | 5 |  5.0
Invocations    | 1 |  1.1
Short Blades   | 1 |  1.0
Long Blades    | 1 |  1.0
Axes           | 1 |  1.0
Maces & Flails | 1 |  1.0
Polearms       | 1 |  1.0
Staves         | 1 |  1.0
Slings         | 1 |  1.0
Bows           | 1 |  1.0
Crossbows      | 1 |  1.0
Throwing       | 1 |  1.0
Armour         | 1 |  1.0
Stealth        | 1 |  1.0
Shields        | 1 |  1.0
Evocations     | 1 |  1.0
Fighting       | |  2.7
Dodging        | |  4.6
Unarmed Combat | |  6.6
Conjurations   | |  0.8
Hexes          | |  0.8
Summonings     | |  0.8
Necromancy     | |  0.8
Translocations | |  0.8
Transmutations | |  3.8
Fire Magic     | |  0.8
Ice Magic      | |  0.8
Air Magic      | |  0.8
Earth Magic    | |  0.8
Poison Magic   | |  0.8

Action                   |  1- 3 |  4- 6 || total
-------------------------+-------+-------++-------
Melee: Unarmed           |   105 |    20 ||   125
       Kick              |    13 |     3 ||    16
       Bite              |     7 |     2 ||     9
       Headbutt          |    13 |     3 ||    16
       Punch             |       |     1 ||     1
 Cast: Beastly Appendage |    25 |     5 ||    30
       Wereblood         |     6 |     1 ||     7
Armor: Robe              |    12 |     3 ||    15
Dodge: Dodged            |    90 |    13 ||   103

Table legend: (Time is in decaauts)
 A = Elapsed time spent in this place.
 B = Non-inter-level travel time spent in this place.
 C = Inter-level travel time spent in this place.
 D = Time resting spent in this place.
 E = Time spent auto-exploring this place.
 F = Levels seen in this place.
 G = Mean time per level.
                   A        B        C        D        E       F      G
               +--------+--------+--------+--------+--------+-----+--------+
         Total |   3127 |   3004 |    123 |    909 |   1643 |   3 | 1042.3 |
       Dungeon |   3127 |   3004 |    123 |    909 |   1643 |   3 | 1042.3 |
               +--------+--------+--------+--------+--------+-----+--------+

Top non-repeatable levels by time:
     D:2: 1447 daAuts
     D:1: 1444 daAuts
     D:3: 235 daAuts
